 Dungeon Crawl Stone Soup version 0.20.1-1-g8b1a95d (webtiles) character file.

576 WiZmei the Chopper (level 7, -6/60 HPs)
             Began as a Hill Orc Fighter on Nov 29, 2017.
             Mangled by WiZmei's ghost (14 damage)
             ... on level 5 of the Dungeon.
             The game lasted 00:15:00 (4013 turns).

WiZmei the Chopper (Hill Orc Fighter)               Turns: 4013, Time: 00:15:00

Health: -6/60      AC:  9    Str: 26    XL:     7   Next: 35%
Magic:  7/7        EV:  8    Int:  8    God:
Gold:   187        SH: 10    Dex: 10    Spells: 6/6 levels left

rFire    + . .     SeeInvis .   a - +0 war axe
rCold    . . .     Gourm    .   c - +0 shield
rNeg     . . .     Faith    .   b - +0 scale mail
rPois    .         Spirit   .   v - +0 helmet
rElec    .         Reflect  .   (no cloak)
rCorr    +         Harm     .   (no gloves)
MR       .....                  e - +0 pair of boots
Stlth    ..........             (no amulet)
Regen    0.2/turn               j - ring of protection from fire
MPRegen  0.1/turn               n - ring of resist corrosion

@: mighty
A: no striking features
a: no special abilities


You were on level 5 of the Dungeon.
You were not hungry.

You visited 1 branch of the dungeon, and saw 5 of its levels.

You collected 187 gold pieces.

Inventory:

Hand Weapons
 a - a +0 war axe (weapon)
 m - a +0 blowgun
Missiles
 q - 19 poisoned needles
 y - 4 needles of paralysis
Armour
 b - a +0 scale mail (worn)
 c - a +0 shield (worn)
 e - a +0 pair of boots (worn)
 v - a +0 helmet (worn)
Jewellery
 j - a ring of protection from fire (left hand)
 n - a ring of resist corrosion (right hand)
Scrolls
 h - 5 scrolls of remove curse
 k - 3 scrolls of teleportation {unknown}
 l - 8 scrolls of identify
 o - a scroll of amnesia {unknown}
 r - a scroll of enchant armour {unknown}
 x - a scroll of random uselessness {unknown}
Potions
 d - 2 potions of might
 i - 2 potions of lignification {unknown}
 p - 3 potions of ambrosia {unknown}
 s - a potion of brilliance {unknown}
 u - a potion of flight {unknown}
 z - a potion of haste {unknown}
Comestibles
 f - 3 bread rations
 t - 2 meat rations


   Skills:
 + Level 4.7 Fighting
 + Level 7.1 Axes
 + Level 1.0 Throwing
 + Level 4.4 Armour
 + Level 1.0 Dodging
 + Level 0.3 Stealth
 + Level 5.0 Shields


You had 6 spell levels left.
You didn't know any spells.

Dungeon Overview and Level Annotations

Branches:
Dungeon (5/15)             Temple (0/1) D:5

Altars:
Dithmenos

Annotations:
D:5 WiZmei's ghost, novice HOFi


Message History

WiZmei's ghost is lightly damaged.
You barely miss the worker ant.
WiZmei's ghost hits you but does no damage.
The worker ant bites you.
You closely miss WiZmei's ghost.
WiZmei's ghost is lightly damaged.
You slash the worker ant!
You kill the worker ant!
WiZmei's ghost hits you! x2
* * * LOW HITPOINT WARNING * * *
Your shield and scale mail prevent you from hitting WiZmei's ghost.
WiZmei's ghost is lightly damaged.
WiZmei's ghost barely misses you.
You closely miss WiZmei's ghost.
WiZmei's ghost is lightly damaged.
You block WiZmei's ghost's attack.
You hit WiZmei's ghost but do no damage.
WiZmei's ghost is lightly damaged.
WiZmei's ghost hits you!
You die...

.......##..##...#### ..
.................... ...
............... #..
.###'####'##.## ###'#
###'###.###..##.#
#.....#...#...#....#...
#.⌠.⌠.#...#...#....#....
+..>..'...##..##...##...
#@####..##.).##...
#W..#.............
#...'.............
#...######...##... #...#
#...# ... '...... ....+
.. ..#.....)# ...... .
## ####...# ......#
#...# ####....


You could see WiZmei's ghost.

Vanquished Creatures
  A phantom (D:4)
  An ogre (D:4)
  A centaur (D:5)
  A centaur zombie (D:5)
  A hound (D:4)
  An orc priest (D:5)
  An iguana (D:4)
  3 worker ants
  A gnoll (D:1)
  5 adders
  3 oozes
  2 worms (D:3)
  2 dart slugs
  4 leopard geckos
  5 orcs
  A ball python (D:3)
  4 bats
  2 giant cockroaches
  7 goblins
  5 hobgoblins
  3 jackals (D:5)
  7 kobolds
  2 quokkas
  6 frilled lizards
  5 rats
74 creatures vanquished.

Notes
Turn   | Place    | Note
-------+----------+-------------------------------------------
     0 | D:1      | WiZmei the Hill Orc Fighter began the quest for the Orb.
     0 | D:1      | Reached XP level 1. HP: 19/19 MP: 1/1
   238 | D:1      | Reached XP level 2. HP: 22/27 MP: 2/2
   475 | D:1      | Reached skill level 3 in Axes
   475 | D:1      | Reached XP level 3. HP: 30/33 MP: 3/3
  2052 | D:3      | Found a shadowy altar of Dithmenos.
  2056 | D:3      | Reached XP level 4. HP: 40/40 MP: 4/4
  2134 | D:3      | Reached skill level 4 in Axes
  2758 | D:4      | Reached XP level 5. HP: 46/46 MP: 5/5
  3026 | D:4      | Reached skill level 5 in Axes
  3153 | D:4      | Noticed an ogre
  3180 | D:4      | Killed an ogre
  3180 | D:4      | Reached XP level 6. HP: 46/52 MP: 6/6
  3523 | D:4      | Noticed a phantom
  3530 | D:4      | Killed a phantom
  3530 | D:4      | Reached skill level 6 in Axes
  3530 | D:4      | Reached skill level 1 in Dodging
  3609 | D:5      | Entered Level 5 of the Dungeon
  3640 | D:5      | Reached XP level 7. HP: 39/60 MP: 7/7
  3803 | D:5      | Reached skill level 7 in Axes
  3803 | D:5      | Reached skill level 1 in Throwing
  3803 | D:5      | Reached skill level 5 in Shields
  3988 | D:5      | Noticed WiZmei's ghost (novice HOFi)
  4005 | D:5      | Found a staircase to the Ecumenical Temple.
  4013 | D:5      | Mangled by WiZmei's ghost

Skill      XL: |  1  2  3  4  5  6  7 |
---------------+----------------------+-----
Axes           | 3 4 5 6 7 |  7.1
Shields        | 4 5 |  5.0
Fighting       | 4 |  4.7
Armour         | 4 |  4.4
Dodging        | 1 |  1.0
Throwing       | 1 |  1.0
Stealth        | |  0.3

Action                   |  1- 3 |  4- 6 |  7- 9 || total
-------------------------+-------+-------+-------++-------
Melee: War axe           |   103 |   126 |    31 ||   260
 Fire: Blowgun           |       |     5 |       ||     5
  Use: Potion            |     1 |       |     3 ||     4
       Scroll            |       |       |     4 ||     4
  Eat: Chunk             |     3 |     6 |     1 ||    10
Armor: Scale mail        |    72 |    51 |    18 ||   141
Dodge: Dodged            |    57 |    34 |    12 ||   103
Block: Shield            |    80 |    63 |    23 ||   166
